Barracuda vs Gulls
(R1)
Created - November 8, 2024 at 19:26
Goals
|
Barracuda |
2 |
2 |
0 |
4 |
Gulls |
2 |
0 |
0 |
2 |
|
Shots
|
Barracuda |
8 |
9 |
10 |
27 |
Gulls |
16 |
12 |
9 |
37 |
|
1st period
1. Barracuda , Emil Pettersson 3 (Kurtis Macdermid 5) at 1:45
2. Barracuda , Kurtis Macdermid 11 (Emil Pettersson 12) at 8:01 (PP)
3. Gulls , Morgan Frost 1 (Scott Wilson 2) at 10:42
4. Gulls , Sergey Tolchinsky 5 (Morgan Frost 3, Dean Kukan 1) at 10:59
Penalties :
Jakub Vrana (S.D) for Hooking (Minor) at 7:59, Jaedon Descheneau (S.J) for Holding (Minor) at 12:03
2nd period
5. Barracuda , Kyle Platzer 1 (Alex Henriksson 1, Luke Martin 3) at 7:14
6. Barracuda , Kurtis Macdermid 12 (Emil Pettersson 13) at 7:22
Penalties :
Robin Norell (S.J) for Holding (Minor) at 12:41
3rd period
No Goal
Penalties :
No Penalty
Goalie Stats
Joni Ortio (S.J), 35 saves from 37 shots - (0.946), W, 6-2-1, 60:00 minutes
Eamon McAdam (S.D), 14 saves from 14 shots - (1.000), 32:38 minutes
Louis Domingue (S.D), 9 saves from 13 shots - (0.692), L, 1-5-1, 27:22 minutes
Players Stats for Barracuda
Player Name G A P +/- PIM S H SB GA TA FO MP PP MP PK MP
------------------------------------------------------------------------------------
Alex Henriksson 0 1 1 1 0 1 0 0 0 0 0/0 10:59 0:00 0:37
Alex Lintuniemi 0 0 0 0 0 0 1 1 0 0 0/0 14:55 0:00 0:53
Alexei Toropchenko 0 0 0 1 0 2 0 1 0 0 1/1 9:21 0:00 0:00
Cole Ully 0 0 0 -1 0 1 2 0 1 0 0/0 12:16 0:00 0:00
Dennis Cholowski 0 0 0 0 0 1 0 0 0 1 0/0 13:56 0:00 0:00
Emil Pettersson 1 2 3 1 0 2 2 1 0 0 17/29 20:01 0:02 2:18
Jaedon Descheneau 0 0 0 0 2 2 0 0 0 0 0/1 16:33 0:00 0:00
Jordan Gross 0 0 0 2 0 1 0 0 0 1 0/0 20:07 0:00 1:17
Kurtis Macdermid 2 1 3 1 0 3 2 1 3 0 0/0 20:01 0:02 2:18
Kyle Platzer 1 0 1 1 0 2 0 0 0 0 1/2 9:32 0:00 0:11
Luke Martin 0 1 1 2 0 0 1 2 0 2 0/0 20:20 0:00 1:55
Mac Hollowell 0 0 0 -1 0 0 1 3 0 2 0/0 25:57 0:02 2:41
Nikolai Kovalenko 0 0 0 -1 0 1 1 0 0 0 0/1 12:04 0:00 0:00
Noah Gregor 0 0 0 -1 0 4 0 0 2 0 5/8 12:19 0:00 0:00
Robin Norell 0 0 0 -1 2 2 0 3 1 0 0/0 24:11 0:02 1:10
Theodor Blueger 0 0 0 0 0 1 4 2 0 0 10/13 17:56 0:00 1:29
Thomas Gobeil 0 0 0 1 0 1 1 1 1 0 0/0 18:02 0:02 0:00
William Carrier 0 0 0 0 0 3 4 0 1 0 0/0 17:30 0:00 1:03
Players Stats for Gulls
Player Name G A P +/- PIM S H SB GA TA FO MP PP MP PK MP
------------------------------------------------------------------------------------
Andrei Mironov 0 0 0 1 0 2 0 0 0 1 0/0 26:42 2:18 0:02
Anton Blidh 0 0 0 -2 0 2 1 0 0 0 0/2 20:19 2:04 0:02
Barrett Hayton 0 0 0 0 0 0 1 0 0 0 1/2 9:20 0:00 0:00
Connor Clifton 0 0 0 -2 0 0 1 1 0 1 0/0 13:41 0:00 0:00
Dean Kukan 0 1 1 1 0 2 1 1 0 0 0/0 27:03 2:18 0:02
Dylan DeMelo 0 0 0 0 0 1 2 1 1 2 0/0 18:54 1:40 0:00
Henri Ikonen 0 0 0 -1 0 0 1 1 0 1 0/0 12:49 0:00 0:00
Jack Glover 0 0 0 0 0 2 0 0 0 1 0/0 19:12 1:40 0:00
Jakub Vrana 0 0 0 -2 2 4 1 1 0 2 0/2 20:01 2:04 0:00
Logan Brown 0 0 0 -2 0 4 3 0 0 0 14/34 20:06 2:04 0:02
Luke Kunin 0 0 0 -1 0 0 2 0 0 0 1/6 12:19 0:00 0:00
Mikhail Maltsev 0 0 0 0 0 3 2 0 0 0 0/0 9:09 0:00 0:00
Morgan Frost 1 1 2 2 0 6 1 0 0 0 5/9 18:10 1:54 0:00
Nick Merkley 0 0 0 0 0 2 1 0 1 0 0/0 9:26 0:00 0:00
Scott Wilson 0 1 1 2 0 3 4 0 0 1 0/0 18:03 1:54 0:00
Sergey Tolchinsky 1 0 1 2 0 4 3 0 4 0 0/0 18:11 1:54 0:00
Tarmo Reunanen 0 0 0 -2 0 1 0 0 0 0 0/0 13:33 0:00 0:00
Troy Terry 0 0 0 -1 0 1 0 2 0 0 0/0 12:59 0:00 0:00
3 Stars
1 - Kurtis Macdermid (S.J)
2 - Emil Pettersson (S.J)
3 - Morgan Frost (S.D)
Power Play
Barracuda - 1 on 1 Attempt(s) - 100.00%
Gulls - 0 on 2 Attempt(s) - 0.00%
Penalty Kill
Barracuda - 2 on 2 Attempt(s) - 100.00%
- Score 0 goal in Penalty Kill
Gulls - 0 on 1 Attempt(s) - 0.00%
- Score 0 goal in Penalty Kill
Team Stat
Barracuda - Hits : 19 - Faceoff Wins : 34 - Blocked Shots : 15 - Penalty Minutes : 4
Gulls - Hits : 24 - Faceoff Wins : 21 - Blocked Shots : 7 - Penalty Minutes : 2
Official
Referees : Francis Charron and Dean Morton
Linesman : Andrew Smith and Trent Knorr
Game Notes
Eamon McAdam enters game at 7:22 of 2nd period
3:23 of 3rd period - Gulls goal is going for a video replay. After video review, No Goal. The attacking player has interfered with a goalkeeper in his goal crease.
Finance
Level 1 -- Attendance: 1760 (88.00%) -- Ticket Income $123,200
Level 2 -- Attendance: 897 (89.70%) -- Ticket Income $35,880
Total Attendance: 2657 (88.57%)
Total Ticket Income: $159,080
Other Income: $7,954
Total Income: $167,034
Barracuda
5 vs 5 Forward
Center Left Wing Right Wing Time % Phy DF OF
1 Emil Pettersson Kurtis Macdermid Thomas Gobeil 40 1 2 2
2 Theodor Blueger William Carrier Jaedon Descheneau 30 1 2 2
3 Noah Gregor Cole Ully Nikolai Kovalenko 20 1 3 1
4 Kyle Platzer Alex Henriksson Alexei Toropchenko 10 1 3 1
5 vs 5 Defense
Defense Defense Time % Phy DF OF
1 Robin Norell Mac Hollowell 40 1 3 1
2 Jordan Gross Luke Martin 30 1 3 1
3 Alex Lintuniemi Dennis Cholowski 20 1 3 1
4 Robin Norell Mac Hollowell 10 1 3 1
PowerPlay Forward
Center Left Wing Right Wing Time % Phy DF OF
1 Emil Pettersson Kurtis Macdermid Thomas Gobeil 60 1 1 3
2 Theodor Blueger William Carrier Jaedon Descheneau 40 1 1 3
PowerPlay Defense
Defense Defense Time % Phy DF OF
1 Robin Norell Mac Hollowell 60 1 2 2
2 Jordan Gross Luke Martin 40 1 2 2
Penalty Kill 4 Players Forward
Center Wing Time % Phy DF OF
1 Emil Pettersson Kurtis Macdermid 60 1 4 0
2 Theodor Blueger William Carrier 40 1 4 0
Penalty Kill 4 Players Defense
Defense Defense Time % Phy DF OF
1 Robin Norell Mac Hollowell 60 1 4 0
2 Jordan Gross Luke Martin 40 1 4 0
Penalty Kill - 3 Players Forward
Forward Time % Phy DF OF
1 Emil Pettersson 60 1 4 0
2 Theodor Blueger 40 1 4 0
Penalty Kill - 3 Players Defense
Defense Defense Time % Phy DF OF
1 Robin Norell Mac Hollowell 60 1 4 0
2 Jordan Gross Luke Martin 40 1 4 0
4 vs 4 Forward
Center Wing Time % Phy DF OF
1 Emil Pettersson Kurtis Macdermid 60 1 3 1
2 Theodor Blueger William Carrier 40 1 3 1
4 vs 4 Defense
Defense Defense Time % Phy DF OF
1 Robin Norell Mac Hollowell 60 1 3 1
2 Jordan Gross Luke Martin 40 1 3 1
Last Minutes Offensive
Center Left Wing Right Wing Defense Defense
Emil Pettersson Kurtis Macdermid Thomas Gobeil Robin Norell Mac Hollowell
Last Minutes Defensive
Center Left Wing Right Wing Defense Defense
Emil Pettersson Kurtis Macdermid Thomas Gobeil Robin Norell Mac Hollowell
Goaltenders
Starting : Joni Ortio
Backup : Kevin Mandolese
Extra Forwards
Normal : Theodor Blueger, Noah Gregor, Alex Henriksson - PP : Theodor Blueger, Noah Gregor - PK : Theodor Blueger
Extra Defensemen
Normal : Luke Martin, Alex Lintuniemi, Dennis Cholowski - PP : Luke Martin - PK : Luke Martin, Alex Lintuniemi
Penalty Shots
Kurtis Macdermid, William Carrier, Emil Pettersson, Cole Ully, Theodor Blueger
Custom OT Lines Forwards
Kurtis Macdermid, William Carrier, Emil Pettersson, Cole Ully, Theodor Blueger, Noah Gregor, Alex Henriksson, Kyle Platzer, Thomas Gobeil, Jaedon Descheneau
Custom OT Lines Defensemen
Robin Norell, Mac Hollowell, Jordan Gross, Luke Martin, Alex Lintuniemi
Scratches
Brett Kulak (Healthy), Jacob Peterson (Healthy), Ryan Merkley (Healthy), Bode Wilde (Healthy), Beck Malenstyn (Healthy)
Adam Edstrom (Healthy), Adam Beckman (Healthy), Angus Crookshank (Healthy), Filip Larsson (Healthy)
Gulls
5 vs 5 Forward
Center Left Wing Right Wing Time % Phy DF OF
1 Logan Brown Anton Blidh Jakub Vrana 40 0 2 3
2 Morgan Frost Sergey Tolchinsky Scott Wilson 30 0 2 3
3 Luke Kunin Henri Ikonen Troy Terry 20 0 2 3
4 Barrett Hayton Mikhail Maltsev Nick Merkley 10 0 2 3
5 vs 5 Defense
Defense Defense Time % Phy DF OF
1 Dean Kukan Andrei Mironov 40 0 2 3
2 Dylan DeMelo Jack Glover 30 0 3 2
3 Connor Clifton Tarmo Reunanen 20 0 2 3
4 Dean Kukan Andrei Mironov 10 0 2 3
PowerPlay Forward
Center Left Wing Right Wing Time % Phy DF OF
1 Logan Brown Anton Blidh Jakub Vrana 60 0 1 4
2 Morgan Frost Sergey Tolchinsky Scott Wilson 40 0 1 4
PowerPlay Defense
Defense Defense Time % Phy DF OF
1 Dean Kukan Andrei Mironov 60 0 2 3
2 Dylan DeMelo Jack Glover 40 0 2 3
Penalty Kill 4 Players Forward
Center Wing Time % Phy DF OF
1 Logan Brown Anton Blidh 60 0 4 1
2 Morgan Frost Sergey Tolchinsky 40 0 4 1
Penalty Kill 4 Players Defense
Defense Defense Time % Phy DF OF
1 Dean Kukan Andrei Mironov 60 0 4 1
2 Dylan DeMelo Jack Glover 40 0 4 1
Penalty Kill - 3 Players Forward
Forward Time % Phy DF OF
1 Logan Brown 60 0 5 0
2 Morgan Frost 40 0 5 0
Penalty Kill - 3 Players Defense
Defense Defense Time % Phy DF OF
1 Dean Kukan Andrei Mironov 60 0 5 0
2 Dylan DeMelo Jack Glover 40 0 5 0
4 vs 4 Forward
Center Wing Time % Phy DF OF
1 Logan Brown Anton Blidh 60 0 2 3
2 Morgan Frost Sergey Tolchinsky 40 0 2 3
4 vs 4 Defense
Defense Defense Time % Phy DF OF
1 Dean Kukan Andrei Mironov 60 0 2 3
2 Dylan DeMelo Jack Glover 40 0 2 3
Last Minutes Offensive
Center Left Wing Right Wing Defense Defense
Logan Brown Anton Blidh Jakub Vrana Dean Kukan Andrei Mironov
Last Minutes Defensive
Center Left Wing Right Wing Defense Defense
Logan Brown Anton Blidh Jakub Vrana Dean Kukan Andrei Mironov
Goaltenders
Starting : Louis Domingue
Backup : Eamon McAdam
Extra Forwards
Normal : Sergey Tolchinsky, Troy Terry, Morgan Frost - PP : Sergey Tolchinsky, Troy Terry - PK : Sergey Tolchinsky
Extra Defensemen
Normal : Jack Glover, Connor Clifton, Tarmo Reunanen - PP : Jack Glover - PK : Jack Glover, Connor Clifton
Penalty Shots
Jakub Vrana, Logan Brown, Scott Wilson, Anton Blidh, Sergey Tolchinsky
Custom OT Lines Forwards
Jakub Vrana, Logan Brown, Scott Wilson, Anton Blidh, Sergey Tolchinsky, Troy Terry, Morgan Frost, Nick Merkley, Henri Ikonen, Mikhail Maltsev
Custom OT Lines Defensemen
Dean Kukan, Andrei Mironov, Dylan DeMelo, Jack Glover, Connor Clifton
Scratches
Branden Troock (Healthy), Damien Giroux (Healthy), Jake Pivonka (Healthy), Francis Perron (Healthy), Ryan Collins (Healthy)
Taylor Leier (Healthy), MacKenzie Entwistle (Healthy), Zack MacEwen (Healthy), Niklas Nordgren (Healthy), John Beecher (Healthy)
Massimo Rizzo (Healthy), Markus Niemelainen (Healthy), Drew Helleson (Healthy), Pavel Dorofeyev (Healthy), Alexis Gravel (Healthy)
Connor Ingram (Healthy), Mads Sogaard (Healthy)
% Time on Ice - Barracuda
Lines # - Real PCT - Wanted PCT - Time Play
Normal Forward
1 - 32% - 40% - 17:41
2 - 30% - 30% - 16:54
3 - 22% - 20% - 12:04
4 - 17% - 10% - 9:21
Normal Defense
1 - 37% - 40% - 20:33
2 - 33% - 30% - 18:25
3 - 26% - 20% - 14:21
4 - 5% - 10% - 2:41
PP Forward
1 - 100% - 60% - 0:02
2 - 0% - 40% - 0:00
PP Defense
1 - 100% - 60% - 0:02
2 - 0% - 40% - 0:00
PK Forward
1 - 74% - 60% - 2:55
2 - 26% - 40% - 1:03
PK Defense
1 - 68% - 60% - 2:41
2 - 32% - 40% - 1:17
PK3 Forward
1 - 0% - 60%
2 - 0% - 40%
PK3 Defense
1 - 0% - 60%
2 - 0% - 40%
44 Forward
1 - 0% - 60%
2 - 0% - 40%
44 Defense
1 - 0% - 60%
2 - 0% - 40%
Last Minute Offensive - 0:00
Last Minute Defensive - 0:00
Total
Forward - 60:00
Defense - 60:00
|
% Time on Ice - Gulls
Lines # - Real PCT - Wanted PCT - Time Play
Normal Forward
1 - 33% - 40% - 18:44
2 - 29% - 30% - 16:06
3 - 22% - 20% - 12:19
4 - 16% - 10% - 8:51
Normal Defense
1 - 35% - 40% - 19:29
2 - 32% - 30% - 17:44
3 - 24% - 20% - 13:33
4 - 9% - 10% - 5:14
PP Forward
1 - 52% - 60% - 2:04
2 - 48% - 40% - 1:54
PP Defense
1 - 58% - 60% - 2:18
2 - 42% - 40% - 1:40
PK Forward
1 - 100% - 60% - 0:02
2 - 0% - 40% - 0:00
PK Defense
1 - 100% - 60% - 0:02
2 - 0% - 40% - 0:00
PK3 Forward
1 - 0% - 60%
2 - 0% - 40%
PK3 Defense
1 - 0% - 60%
2 - 0% - 40%
44 Forward
1 - 0% - 60%
2 - 0% - 40%
44 Defense
1 - 0% - 60%
2 - 0% - 40%
Last Minute Offensive - 0:00
Last Minute Defensive - 0:00
Total
Forward - 60:00
Defense - 60:00
|
Play-by-Play
1st period
0:01 of 1st period - Emil Pettersson wins face-off versus Logan Brown in neutral zone.
1:45 of 1st period - Wrist shot by Emil Pettersson.
1:45 of 1st period - Goal by Emil Pettersson - Barracuda : 1 - Gulls : 0.
1:46 of 1st period - Theodor Blueger wins face-off versus Morgan Frost in neutral zone.
1:51 of 1st period - Snap shot by Jaedon Descheneau.
1:51 of 1st period - Stopped by Louis Domingue with a rebound.
3:39 of 1st period - Wrist shot by Anton Blidh.
3:39 of 1st period - Shot Blocked by Emil Pettersson.
3:41 of 1st period - Slapshot by Jakub Vrana.
3:41 of 1st period - Stopped by Joni Ortio without a rebound.
3:42 of 1st period - Logan Brown wins face-off versus Emil Pettersson in Barracuda zone.
4:02 of 1st period - Snap shot by Jakub Vrana.
4:02 of 1st period - Deflect By Theodor Blueger.
4:02 of 1st period - Shot Hit the Post.
4:02 of 1st period - Puck is out of play.
4:03 of 1st period - Theodor Blueger wins face-off versus Luke Kunin in Barracuda zone.
4:13 of 1st period - Troy Terry is hit by Mac Hollowell and loses puck.
4:54 of 1st period - Snap shot by Anton Blidh.
4:54 of 1st period - Deflect By Logan Brown.
4:54 of 1st period - Stopped by Joni Ortio without a rebound.
4:55 of 1st period - Logan Brown wins face-off versus Emil Pettersson in Barracuda zone.
4:56 of 1st period - Slapshot by Anton Blidh.
4:56 of 1st period - Shot Misses the Net.
5:29 of 1st period - Wrist shot by Sergey Tolchinsky.
5:29 of 1st period - Shot Misses the Net.
5:45 of 1st period - Noah Gregor is hit by Nick Merkley and loses puck.
6:28 of 1st period - Snap shot by Kyle Platzer.
6:28 of 1st period - Deflect By Alexei Toropchenko.
6:28 of 1st period - Shot Blocked by Connor Clifton.
6:28 of 1st period - Puck is out of play.
6:29 of 1st period - Kyle Platzer wins face-off versus Luke Kunin in Gulls zone.
6:40 of 1st period - Snap shot by Kyle Platzer.
6:40 of 1st period - Shot Blocked by Henri Ikonen.
6:42 of 1st period - Slapshot by Mac Hollowell.
6:42 of 1st period - Shot Misses the Net.
6:44 of 1st period - Slapshot by Robin Norell.
6:44 of 1st period - Shot Misses the Net.
7:19 of 1st period - Snap shot by Sergey Tolchinsky.
7:19 of 1st period - Stopped by Joni Ortio without a rebound.
7:20 of 1st period - Morgan Frost wins face-off versus Emil Pettersson in Barracuda zone.
7:21 of 1st period - Snap shot by Scott Wilson.
7:21 of 1st period - Shot Misses the Net.
7:23 of 1st period - Snap shot by Sergey Tolchinsky.
7:23 of 1st period - Shot Misses the Net.
7:25 of 1st period - Snap shot by Jack Glover.
7:25 of 1st period - Stopped by Joni Ortio without a rebound.
7:26 of 1st period - Emil Pettersson wins face-off versus Logan Brown in Barracuda zone.
7:33 of 1st period - Slapshot by Jakub Vrana.
7:33 of 1st period - Shot Misses the Net.
7:35 of 1st period - Slapshot by Dylan DeMelo.
7:35 of 1st period - Shot Blocked by Mac Hollowell.
7:37 of 1st period - Slapshot by Jack Glover.
7:37 of 1st period - Stopped by Joni Ortio without a rebound.
7:38 of 1st period - Emil Pettersson wins face-off versus Logan Brown in Barracuda zone.
7:59 of 1st period - Minor Penalty to Jakub Vrana for Hooking.
8:00 of 1st period - Emil Pettersson wins face-off versus Logan Brown in Gulls zone.
8:01 of 1st period - Slapshot by Kurtis Macdermid.
8:01 of 1st period - Goal by Kurtis Macdermid - Barracuda : 2 - Gulls : 0.
8:02 of 1st period - Morgan Frost wins face-off versus Theodor Blueger in neutral zone.
8:16 of 1st period - Wrist shot by Theodor Blueger.
8:16 of 1st period - Stopped by Louis Domingue without a rebound.
8:17 of 1st period - Noah Gregor wins face-off versus Logan Brown in Gulls zone.
8:26 of 1st period - Wrist shot by Noah Gregor.
8:26 of 1st period - Stopped by Louis Domingue without a rebound.
8:27 of 1st period - Noah Gregor wins face-off versus Logan Brown in Gulls zone.
8:54 of 1st period - Wrist shot by Anton Blidh.
8:54 of 1st period - Shot Hit the Post.
9:02 of 1st period - Snap shot by Anton Blidh.
9:02 of 1st period - Shot Blocked by Robin Norell.
9:04 of 1st period - Wrist shot by Anton Blidh.
9:04 of 1st period - Shot Blocked by Robin Norell.
9:06 of 1st period - Snap shot by Jakub Vrana.
9:06 of 1st period - Stopped by Joni Ortio with a rebound.
9:08 of 1st period - Wrist shot by Dylan DeMelo.
9:08 of 1st period - Shot Misses the Net.
9:10 of 1st period - Wrist shot by Anton Blidh.
9:10 of 1st period - Stopped by Joni Ortio without a rebound.
9:11 of 1st period - Emil Pettersson wins face-off versus Morgan Frost in Barracuda zone.
9:38 of 1st period - Jaedon Descheneau is hit by Mikhail Maltsev and loses puck.
9:59 of 1st period - Slapshot by Troy Terry.
9:59 of 1st period - Shot Misses the Net.
10:07 of 1st period - Wrist shot by Troy Terry.
10:07 of 1st period - Shot Blocked by Alex Lintuniemi.
10:38 of 1st period - Off-side.
10:39 of 1st period - Morgan Frost wins face-off versus Noah Gregor in neutral zone.
10:42 of 1st period - Snap shot by Morgan Frost.
10:42 of 1st period - Goal by Morgan Frost - Barracuda : 2 - Gulls : 1.
10:43 of 1st period - Emil Pettersson wins face-off versus Morgan Frost in neutral zone.
10:46 of 1st period - Thomas Gobeil is hit by Sergey Tolchinsky and loses puck.
10:57 of 1st period - Wrist shot by Sergey Tolchinsky.
10:57 of 1st period - Shot Blocked by Thomas Gobeil.
10:59 of 1st period - Snap shot by Sergey Tolchinsky.
10:59 of 1st period - Goal by Sergey Tolchinsky - Barracuda : 2 - Gulls : 2.
11:00 of 1st period - Theodor Blueger wins face-off versus Logan Brown in neutral zone.
11:51 of 1st period - Wrist shot by Scott Wilson.
11:51 of 1st period - Shot Misses the Net.
11:53 of 1st period - Backhand shot by Sergey Tolchinsky.
11:53 of 1st period - Shot Misses the Net.
11:55 of 1st period - Snap shot by Dean Kukan.
11:55 of 1st period - Deflect By Thomas Gobeil.
11:55 of 1st period - Stopped by Joni Ortio without a rebound.
11:56 of 1st period - Logan Brown wins face-off versus Jaedon Descheneau in Barracuda zone.
12:01 of 1st period - Wrist shot by Anton Blidh.
12:01 of 1st period - Shot Blocked by Mac Hollowell.
12:03 of 1st period - Minor Penalty to Jaedon Descheneau for Holding.
12:04 of 1st period - Emil Pettersson wins face-off versus Logan Brown in Barracuda zone.
13:11 of 1st period - Mac Hollowell is hit by Jakub Vrana and loses puck.
14:03 of 1st period - Penalty to Jaedon Descheneau is over, Jaedon Descheneau is back on ice.
14:10 of 1st period - Snap shot by Mikhail Maltsev.
14:10 of 1st period - Stopped by Joni Ortio without a rebound.
14:11 of 1st period - Barrett Hayton wins face-off versus Noah Gregor in Barracuda zone.
14:24 of 1st period - Snap shot by Nick Merkley.
14:24 of 1st period - Shot Misses the Net.
14:36 of 1st period - Tarmo Reunanen is hit by Theodor Blueger and loses puck.
15:13 of 1st period - Snap shot by Nick Merkley.
15:13 of 1st period - Stopped by Joni Ortio with a rebound.
15:19 of 1st period - Andrei Mironov is hit by Kurtis Macdermid and loses puck.
15:35 of 1st period - Wrist shot by Noah Gregor.
15:35 of 1st period - Stopped by Louis Domingue without a rebound.
15:36 of 1st period - Theodor Blueger wins face-off versus Logan Brown in Gulls zone.
16:48 of 1st period - Snap shot by Kyle Platzer.
16:48 of 1st period - Shot Hit the Post.
16:54 of 1st period - Wrist shot by Kyle Platzer.
16:54 of 1st period - Stopped by Louis Domingue with a rebound.
16:56 of 1st period - Wrist shot by Alexei Toropchenko.
16:56 of 1st period - Stopped by Louis Domingue with a rebound.
17:10 of 1st period - Snap shot by Theodor Blueger.
17:10 of 1st period - Shot Misses the Net.
17:24 of 1st period - Snap shot by Troy Terry.
17:24 of 1st period - Shot Blocked by Luke Martin.
17:26 of 1st period - Snap shot by Troy Terry.
17:26 of 1st period - Stopped by Joni Ortio without a rebound.
17:27 of 1st period - Logan Brown wins face-off versus Emil Pettersson in Barracuda zone.
18:02 of 1st period - Snap shot by Mikhail Maltsev.
18:02 of 1st period - Stopped by Joni Ortio without a rebound.
18:03 of 1st period - Theodor Blueger wins face-off versus Logan Brown in Barracuda zone.
18:29 of 1st period - Cole Ully is hit by Morgan Frost and loses puck.
18:40 of 1st period - Snap shot by Sergey Tolchinsky.
18:40 of 1st period - Shot Misses the Net.
18:42 of 1st period - Snap shot by Morgan Frost.
18:42 of 1st period - Stopped by Joni Ortio without a rebound.
18:43 of 1st period - Emil Pettersson wins face-off versus Luke Kunin in Barracuda zone.
19:12 of 1st period - Anton Blidh is hit by Theodor Blueger and loses puck.
19:31 of 1st period - Slapshot by Jack Glover.
19:31 of 1st period - Deflect By Morgan Frost.
19:31 of 1st period - Stopped by Joni Ortio with a rebound.
Goals for this period are 2 for Barracuda vs 2 for Gulls.
Shots for this period are 8 for Barracuda vs 16 for Gulls.
2nd period
0:01 of 2nd period - Logan Brown wins face-off versus Emil Pettersson in neutral zone.
0:09 of 2nd period - Snap shot by Logan Brown.
0:09 of 2nd period - Stopped by Joni Ortio with a rebound.
0:15 of 2nd period - Snap shot by Logan Brown.
0:15 of 2nd period - Shot Blocked by Kurtis Macdermid.
1:19 of 2nd period - Snap shot by William Carrier.
1:19 of 2nd period - Stopped by Louis Domingue without a rebound.
1:20 of 2nd period - Morgan Frost wins face-off versus Emil Pettersson in Gulls zone.
1:53 of 2nd period - Slapshot by Scott Wilson.
1:53 of 2nd period - Deflect By Alex Henriksson.
1:53 of 2nd period - Stopped by Joni Ortio with a rebound.
1:55 of 2nd period - Slapshot by Andrei Mironov.
1:55 of 2nd period - Stopped by Joni Ortio without a rebound.
1:56 of 2nd period - Emil Pettersson wins face-off versus Logan Brown in Barracuda zone.
2:09 of 2nd period - Snap shot by Anton Blidh.
2:09 of 2nd period - Stopped by Joni Ortio with a rebound.
2:11 of 2nd period - Wrist shot by Jakub Vrana.
2:11 of 2nd period - Shot Misses the Net.
2:21 of 2nd period - Luke Martin is hit by Luke Kunin and loses puck.
3:05 of 2nd period - Wrist shot by Scott Wilson.
3:05 of 2nd period - Shot Misses the Net.
3:11 of 2nd period - Snap shot by Morgan Frost.
3:11 of 2nd period - Shot Misses the Net.
3:13 of 2nd period - Slapshot by Morgan Frost.
3:13 of 2nd period - Stopped by Joni Ortio with a rebound.
4:25 of 2nd period - Slapshot by Sergey Tolchinsky.
4:25 of 2nd period - Shot Misses the Net.
4:28 of 2nd period - Icing by Nikolai Kovalenko.
4:29 of 2nd period - Noah Gregor wins face-off versus Logan Brown in Barracuda zone.
4:38 of 2nd period - Jack Glover is hit by Cole Ully.
5:03 of 2nd period - Slapshot by Dylan DeMelo.
5:03 of 2nd period - Shot Blocked by Robin Norell.
5:55 of 2nd period - Snap shot by Jaedon Descheneau.
5:55 of 2nd period - Stopped by Louis Domingue without a rebound.
5:56 of 2nd period - Theodor Blueger wins face-off versus Logan Brown in Gulls zone.
6:05 of 2nd period - Slapshot by Anton Blidh.
6:05 of 2nd period - Shot Blocked by Luke Martin.
6:07 of 2nd period - Snap shot by Logan Brown.
6:07 of 2nd period - Deflect By Jakub Vrana.
6:07 of 2nd period - Stopped by Joni Ortio with a rebound.
6:09 of 2nd period - Wrist shot by Logan Brown.
6:09 of 2nd period - Stopped by Joni Ortio without a rebound.
6:10 of 2nd period - Logan Brown wins face-off versus Emil Pettersson in Barracuda zone.
6:37 of 2nd period - Theodor Blueger is hit by Sergey Tolchinsky.
6:58 of 2nd period - Icing by Dean Kukan.
6:59 of 2nd period - Luke Kunin wins face-off versus Kyle Platzer in Gulls zone.
7:04 of 2nd period - Wrist shot by Alex Henriksson.
7:04 of 2nd period - Stopped by Louis Domingue with a rebound.
7:06 of 2nd period - Slapshot by Luke Martin.
7:06 of 2nd period - Shot Blocked by Troy Terry.
7:14 of 2nd period - Snap shot by Kyle Platzer.
7:14 of 2nd period - Goal by Kyle Platzer - Barracuda : 3 - Gulls : 2.
7:15 of 2nd period - Emil Pettersson wins face-off versus Jakub Vrana in neutral zone.
7:22 of 2nd period - Slapshot by Kurtis Macdermid.
7:22 of 2nd period - Goal by Kurtis Macdermid - Barracuda : 4 - Gulls : 2.
7:22 of 2nd period - Eamon McAdam enters game.
7:23 of 2nd period - Logan Brown wins face-off versus Emil Pettersson in neutral zone.
8:39 of 2nd period - Wrist shot by William Carrier.
8:39 of 2nd period - Shot Blocked by Dylan DeMelo.
9:19 of 2nd period - Wrist shot by Troy Terry.
9:19 of 2nd period - Shot Misses the Net.
9:21 of 2nd period - Snap shot by Jack Glover.
9:21 of 2nd period - Shot Misses the Net.
9:23 of 2nd period - Slapshot by Jack Glover.
9:23 of 2nd period - Shot Blocked by Alexei Toropchenko.
9:25 of 2nd period - Slapshot by Dylan DeMelo.
9:25 of 2nd period - Stopped by Joni Ortio without a rebound.
9:26 of 2nd period - Theodor Blueger wins face-off versus Logan Brown in Barracuda zone.
9:36 of 2nd period - Off-side.
9:37 of 2nd period - Logan Brown wins face-off versus Theodor Blueger in neutral zone.
9:49 of 2nd period - Wrist shot by William Carrier.
9:49 of 2nd period - Shot Misses the Net.
9:51 of 2nd period - Snap shot by Jaedon Descheneau.
9:51 of 2nd period - Shot Blocked by Jakub Vrana.
9:53 of 2nd period - Slapshot by William Carrier.
9:53 of 2nd period - Shot Misses the Net.
10:03 of 2nd period - Mac Hollowell is hit by Scott Wilson and loses puck.
10:12 of 2nd period - Snap shot by Sergey Tolchinsky.
10:12 of 2nd period - Stopped by Joni Ortio with a rebound.
10:28 of 2nd period - Kurtis Macdermid is hit by Luke Kunin and loses puck.
10:47 of 2nd period - Snap shot by Nick Merkley.
10:47 of 2nd period - Stopped by Joni Ortio without a rebound.
10:48 of 2nd period - Alexei Toropchenko wins face-off versus Barrett Hayton in Barracuda zone.
11:24 of 2nd period - Snap shot by Kyle Platzer.
11:24 of 2nd period - Deflect By Alexei Toropchenko.
11:24 of 2nd period - Stopped by Eamon McAdam without a rebound.
11:25 of 2nd period - Logan Brown wins face-off versus Emil Pettersson in Gulls zone.
11:25 of 2nd period - Logan Brown is hit by Emil Pettersson.
11:51 of 2nd period - Andrei Mironov is hit by Theodor Blueger and loses puck.
11:58 of 2nd period - Off-side.
11:59 of 2nd period - Logan Brown wins face-off versus Theodor Blueger in neutral zone.
12:33 of 2nd period - Snap shot by Sergey Tolchinsky.
12:33 of 2nd period - Shot Misses the Net.
12:35 of 2nd period - Backhand shot by Morgan Frost.
12:35 of 2nd period - Stopped by Joni Ortio with a rebound.
12:41 of 2nd period - Minor Penalty to Robin Norell for Holding.
12:42 of 2nd period - Logan Brown wins face-off versus Emil Pettersson in Barracuda zone.
13:23 of 2nd period - Snap shot by Sergey Tolchinsky.
13:23 of 2nd period - Deflect By Scott Wilson.
13:23 of 2nd period - Shot Blocked by Mac Hollowell.
13:23 of 2nd period - Puck is out of play.
13:24 of 2nd period - Theodor Blueger wins face-off versus Logan Brown in Barracuda zone.
13:45 of 2nd period - Dylan DeMelo is hit by Theodor Blueger and loses puck.
14:05 of 2nd period - Icing by Logan Brown.
14:06 of 2nd period - Emil Pettersson wins face-off versus Logan Brown in Gulls zone.
14:41 of 2nd period - Penalty to Robin Norell is over, Robin Norell is back on ice.
14:45 of 2nd period - Wrist shot by Cole Ully.
14:45 of 2nd period - Deflect By Noah Gregor.
14:45 of 2nd period - Stopped by Eamon McAdam with a rebound.
15:40 of 2nd period - William Carrier is hit by Dean Kukan and loses puck.
16:23 of 2nd period - Troy Terry is hit by Luke Martin and loses puck.
16:30 of 2nd period - Slapshot by Kyle Platzer.
16:30 of 2nd period - Shot Misses the Net.
17:04 of 2nd period - Slapshot by Tarmo Reunanen.
17:04 of 2nd period - Shot Blocked by Theodor Blueger.
17:59 of 2nd period - Slapshot by Alex Henriksson.
17:59 of 2nd period - Shot Misses the Net.
18:01 of 2nd period - Snap shot by Noah Gregor.
18:01 of 2nd period - Deflect By Nikolai Kovalenko.
18:01 of 2nd period - Stopped by Eamon McAdam without a rebound.
18:02 of 2nd period - Noah Gregor wins face-off versus Morgan Frost in Gulls zone.
18:33 of 2nd period - Snap shot by Andrei Mironov.
18:33 of 2nd period - Stopped by Joni Ortio without a rebound.
18:34 of 2nd period - Theodor Blueger wins face-off versus Logan Brown in Barracuda zone.
19:01 of 2nd period - Andrei Mironov is hit by Kurtis Macdermid and loses puck.
19:10 of 2nd period - Wrist shot by Emil Pettersson.
19:10 of 2nd period - Stopped by Eamon McAdam with a rebound.
19:21 of 2nd period - Icing by Emil Pettersson.
19:22 of 2nd period - Morgan Frost wins face-off versus Nikolai Kovalenko in Barracuda zone.
19:47 of 2nd period - William Carrier is hit by Dylan DeMelo and loses puck.
19:54 of 2nd period - Wrist shot by Anton Blidh.
19:54 of 2nd period - Shot Blocked by Theodor Blueger.
Goals for this period are 2 for Barracuda vs 0 for Gulls.
Shots for this period are 9 for Barracuda vs 12 for Gulls.
3rd period
0:01 of 3rd period - Logan Brown wins face-off versus Emil Pettersson in neutral zone.
0:26 of 3rd period - Theodor Blueger is hit by Sergey Tolchinsky and loses puck.
0:45 of 3rd period - Off-side.
0:46 of 3rd period - Noah Gregor wins face-off versus Luke Kunin in neutral zone.
0:49 of 3rd period - Wrist shot by Robin Norell.
0:49 of 3rd period - Stopped by Eamon McAdam with a rebound.
0:51 of 3rd period - Slapshot by Cole Ully.
0:51 of 3rd period - Stopped by Eamon McAdam with a rebound.
0:53 of 3rd period - Backhand shot by Robin Norell.
0:53 of 3rd period - Shot Misses the Net.
0:55 of 3rd period - Wrist shot by Noah Gregor.
0:55 of 3rd period - Stopped by Eamon McAdam without a rebound.
0:56 of 3rd period - Emil Pettersson wins face-off versus Logan Brown in Gulls zone.
1:07 of 3rd period - Wrist shot by Jakub Vrana.
1:07 of 3rd period - Stopped by Joni Ortio with a rebound.
1:09 of 3rd period - Backhand shot by Logan Brown.
1:09 of 3rd period - Stopped by Joni Ortio without a rebound.
1:10 of 3rd period - Emil Pettersson wins face-off versus Jakub Vrana in Barracuda zone.
1:15 of 3rd period - Snap shot by Kurtis Macdermid.
1:15 of 3rd period - Stopped by Eamon McAdam with a rebound.
1:35 of 3rd period - Andrei Mironov is hit by William Carrier and loses puck.
2:02 of 3rd period - Kyle Platzer is hit by Henri Ikonen and loses puck.
2:46 of 3rd period - Off-side.
2:47 of 3rd period - Emil Pettersson wins face-off versus Logan Brown in neutral zone.
2:50 of 3rd period - Slapshot by Mac Hollowell.
2:50 of 3rd period - Shot Misses the Net.
3:17 of 3rd period - Wrist shot by Sergey Tolchinsky.
3:17 of 3rd period - Stopped by Joni Ortio with a rebound.
3:19 of 3rd period - Slapshot by Tarmo Reunanen.
3:19 of 3rd period - Shot Misses the Net.
3:21 of 3rd period - Slapshot by Scott Wilson.
3:21 of 3rd period - Stopped by Joni Ortio with a rebound.
3:23 of 3rd period - Backhand shot by Tarmo Reunanen.
3:23 of 3rd period - Gulls goal is going for a video replay.
3:23 of 3rd period - The goal is refused. The attacking player has interfered with a goalkeeper in his goal crease..
3:24 of 3rd period - Emil Pettersson wins face-off versus Logan Brown in Barracuda zone.
3:24 of 3rd period - Emil Pettersson is hit by Logan Brown.
3:32 of 3rd period - Slapshot by Robin Norell.
3:32 of 3rd period - Deflect By Logan Brown.
3:32 of 3rd period - Stopped by Eamon McAdam with a rebound.
3:40 of 3rd period - Wrist shot by Kurtis Macdermid.
3:40 of 3rd period - Shot Blocked by Dean Kukan.
4:39 of 3rd period - Slapshot by Morgan Frost.
4:39 of 3rd period - Stopped by Joni Ortio with a rebound.
5:19 of 3rd period - Alex Henriksson is hit by Scott Wilson and loses puck.
6:02 of 3rd period - Snap shot by Scott Wilson.
6:02 of 3rd period - Stopped by Joni Ortio with a rebound.
6:04 of 3rd period - Slapshot by Scott Wilson.
6:04 of 3rd period - Shot Misses the Net.
6:18 of 3rd period - Slapshot by Sergey Tolchinsky.
6:18 of 3rd period - Shot Misses the Net.
6:20 of 3rd period - Snap shot by Dean Kukan.
6:20 of 3rd period - Stopped by Joni Ortio without a rebound.
6:21 of 3rd period - Emil Pettersson wins face-off versus Anton Blidh in Barracuda zone.
6:35 of 3rd period - Kurtis Macdermid is hit by Logan Brown and loses puck.
6:48 of 3rd period - Jack Glover is hit by William Carrier and loses puck.
7:58 of 3rd period - Mikhail Maltsev is hit by William Carrier and loses puck.
8:05 of 3rd period - Mac Hollowell is hit by Barrett Hayton and loses puck.
8:10 of 3rd period - Wrist shot by Barrett Hayton.
8:10 of 3rd period - Shot Misses the Net.
8:12 of 3rd period - Slapshot by Dylan DeMelo.
8:12 of 3rd period - Deflect By Mikhail Maltsev.
8:12 of 3rd period - Stopped by Joni Ortio without a rebound.
8:13 of 3rd period - Logan Brown wins face-off versus Emil Pettersson in Barracuda zone.
8:26 of 3rd period - Snap shot by Emil Pettersson.
8:26 of 3rd period - Shot Misses the Net.
8:28 of 3rd period - Wrist shot by Emil Pettersson.
8:28 of 3rd period - Shot Misses the Net.
8:38 of 3rd period - Jakub Vrana is hit by Cole Ully and loses puck.
8:59 of 3rd period - Snap shot by William Carrier.
8:59 of 3rd period - Shot Misses the Net.
10:28 of 3rd period - Noah Gregor is hit by Dylan DeMelo.
10:49 of 3rd period - Slapshot by Dennis Cholowski.
10:49 of 3rd period - Deflect By Andrei Mironov.
10:49 of 3rd period - Stopped by Eamon McAdam with a rebound.
11:41 of 3rd period - Thomas Gobeil is hit by Mikhail Maltsev and loses puck.
12:34 of 3rd period - Mikhail Maltsev is hit by William Carrier and loses puck.
12:41 of 3rd period - Snap shot by William Carrier.
12:41 of 3rd period - Stopped by Eamon McAdam with a rebound.
14:04 of 3rd period - Kyle Platzer is hit by Logan Brown.
14:14 of 3rd period - Scott Wilson is hit by Thomas Gobeil and loses puck.
15:21 of 3rd period - Icing by Robin Norell.
15:22 of 3rd period - Theodor Blueger wins face-off versus Anton Blidh in Barracuda zone.
15:37 of 3rd period - Snap shot by William Carrier.
15:37 of 3rd period - Deflect By Anton Blidh.
15:37 of 3rd period - Stopped by Eamon McAdam with a rebound.
15:49 of 3rd period - Theodor Blueger is hit by Scott Wilson.
15:53 of 3rd period - Connor Clifton is hit by Alex Lintuniemi.
15:59 of 3rd period - William Carrier is hit by Connor Clifton and loses puck.
16:22 of 3rd period - Connor Clifton is hit by Emil Pettersson and loses puck.
16:29 of 3rd period - Snap shot by Kurtis Macdermid.
16:29 of 3rd period - Deflect By Thomas Gobeil.
16:29 of 3rd period - Stopped by Eamon McAdam with a rebound.
16:31 of 3rd period - Snap shot by Jordan Gross.
16:31 of 3rd period - Deflect By Dean Kukan.
16:31 of 3rd period - Stopped by Eamon McAdam without a rebound.
16:32 of 3rd period - Logan Brown wins face-off versus Noah Gregor in Gulls zone.
16:32 of 3rd period - Logan Brown is hit by Nikolai Kovalenko.
16:56 of 3rd period - Wrist shot by Luke Martin.
16:56 of 3rd period - Deflect By Thomas Gobeil.
16:56 of 3rd period - Shot Blocked by Troy Terry.
16:56 of 3rd period - Puck is out of play.
16:57 of 3rd period - Emil Pettersson wins face-off versus Luke Kunin in Gulls zone.
17:22 of 3rd period - Robin Norell is hit by Anton Blidh.
17:56 of 3rd period - Wrist shot by Theodor Blueger.
17:56 of 3rd period - Shot Misses the Net.
18:20 of 3rd period - Jordan Gross is hit by Scott Wilson and loses puck.
Goals for this period are 0 for Barracuda vs 0 for Gulls.
Shots for this period are 10 for Barracuda vs 9 for Gulls.